 Dungeon Crawl Stone Soup version 0.31-a0-868-g674d60d6f7 (webtiles) character file.

Game seed: 4384733029870802262

5713 freelancePsychic the Fighter (level 10, -4/70 HPs)
             Began as a Gargoyle Brigand on Oct 11, 2023.
             Was a Priest of Lugonu.
             Slain by a hellwing (12 damage)
             ... on level 9 of the Dungeon.
             The game lasted 00:14:18 (10410 turns).

freelancePsychic the Fighter (Gargoyle Brigand)    Turns: 10410, Time: 00:14:19

Health: -4/70      AC: 16    Str: 21    XL:     10   Next: 76%
Magic:  17/17      EV: 11    Int: 15    God:    Lugonu [***...]
Gold:   471        SH:  0    Dex: 13    Spells: 9/9 levels left

rFire   . . .        a - +1 dagger (venom)
rCold   + + .        (no shield)
rNeg    + . .        f - +3 leather armour of Valour {+Inv Int+3}
rPois   ∞            l - +1 hat
rElec   +            c - +0 cloak
rCorr   .            v - +0 pair of gloves
SInv    .            (no boots)
Will    .....        (no amulet)
Stlth   ++           A - ring of Equivalence {Fly rC++ Str+4}
HPRegen 0.31/turn    (no ring)
MPRegen 0.15/turn

%: no passive effects
@: flying
A: sickness immunity, AC +7, negative energy resistance 1, electricity
resistance, torment resistance 1, petrification resistance
a: Renounce Religion, Evoke Invisibility, Depart the Abyss, Banish


You were on level 9 of the Dungeon.
You worshipped Lugonu.
Lugonu was most pleased with you.
You visited 1 branch of the dungeon, and saw 9 of its levels.
You also visited: Sewer.

You collected 471 gold pieces.

Inventory:

Hand Weapons
 a - a +1 dagger of venom (weapon)
 b - a +1 antimagic sling
Missiles
 d - 22 poisoned darts
 e - 3 curare-tipped darts (quivered)
Armour
 c - a +0 cloak (worn)
 f - the +3 leather armour of Valour (worn) {+Inv Int+3}
   (You found it on level 2 of the Dungeon)

   Int+3:     It affects your intelligence (+3).
   +Inv:      It lets you turn invisible.
 g - a +0 robe
 i - a +0 kite shield
 l - a +1 hat (worn)
 v - a +0 pair of gloves (worn)
Jewellery
 x - a +6 ring of intelligence
 y - a ring of ice
 A - the ring of Equivalence (left hand) {Fly rC++ Str+4}
   (You found it on level 7 of the Dungeon)

   [ring of flight]

   Str+4:     It affects your strength (+4).
   rC++:      It greatly protects you from cold.
   Fly:       It grants you flight.
Wands
 j - a wand of acid (1)
 w - a wand of digging (7)
 z - a wand of paralysis (5)
Scrolls
 h - 2 scrolls of amnesia
 o - a scroll of immolation
 q - a scroll of enchant armour
 s - 3 scrolls of revelation
 t - 2 scrolls of teleportation {@r4}
Potions
 k - a potion of cancellation
 m - 2 potions of mutation
 n - a potion of might
 p - a potion of ambrosia
 r - 3 potions of heal wounds {unknown}
 u - 3 potions of enlightenment
 C - a potion of lignification {unknown}
Miscellaneous
 B - a phantom mirror (inert)


   Skills:
 + Level 11.2 Fighting
 - Level 4.0 Short Blades
 - Level 6.1 Ranged Weapons
 - Level 1.7 Throwing
 - Level 0.7 Dodging
 - Level 4.3 Stealth
 + Level 9.4 Invocations
 - Level 3.5 Evocations


You had 9 spell levels left.
You didn't know any spells.
Your spell library contained the following spells:

 Spells                   Type           Power      Damage    Failure   Level
 Apportation              Tloc           0%         N/A       30%         1
 Necrotise                Necr           0%         1d4       30%         1
 Summon Small Mammal      Summ           0%         N/A       30%         1
 Wereblood                Tmut           0%         N/A       43%         2
 Inner Flame              Hex/Fire       0%         N/A       67%         3
 Ozocubu's Armour         Ice            0%         N/A       67%         3
 Stone Arrow              Conj/Erth      0%         3d7       67%         3
 Animate Armour           Summ/Erth      0%         N/A       97%         4
 Yara's Violent Unravell  Hex/Tmut       0%         3d3       100%        5
 Enfeeble                 Hex            0%         N/A       100%        7
 Ozocubu's Refrigeration  Ice            0%         4d7       100%        7
 Summon Hydra             Summ           0%         N/A       100%        7
 Lehudib's Crystal Spear  Conj/Erth      0%         10d2      100%        8
 Sublimation of Blood     Necr           Unusable   N/A       N/A         2

Dungeon Overview and Level Annotations

Branches:
Dungeon (9/15)             Temple (0/1) D:5            Lair (0/5) D:9
  Sewer (visited)
    Orc: D:9-12

Altars:
Dithmenos
Elyvilon
Fedhas
Hepliaklqana
Kikubaaqudgha
Sif Muna
Trog
Uskayaw
Vehumet
Zin
Lugonu

Shops:
D:1 :   D:5 (   D:6 :

Annotations:
D:7 1 runed translucent door, Crazy Yiuf


Innate Abilities, Weirdness & Mutations

You are immune to sickness and miasma.
Your stone body is resilient. (AC +7)
You are immune to poison.
You resist negative energy. (rN+)
You are resistant to electric shocks. (rElec)
You are resistant to unholy torment.
You are immune to petrification.


Message History

Aim: a hellwing (moderately wounded, about 30% to evade your +1 dagger of venom)
Okay, then.
Aiming: Corrosive Bolt
Press: ? - help, Shift-Dir - straight line, p - hellwing The bolt of acid hits the hellwing!
The hellwing is heavily wounded.
The shadow imp barely misses you. The hellwing hits you!
* * * LOW HITPOINT WARNING * * *
The hellwing misses you.
Aiming: Corrosive Bolt
Press: ? - help, Shift-Dir - straight line The bolt of acid hits the hellwing.
The acid corrodes the hellwing!
The hellwing is heavily wounded.
The shadow imp barely misses you. The hellwing barely misses you.
The hellwing hits you but does no damage.
You closely miss the hellwing.
The hellwing is heavily wounded.
The shadow imp gestures at you. Pain shoots through your body!
* * * LOW HITPOINT WARNING * * *
The hellwing misses you. The hellwing barely misses you.
Okay, then.
Aiming: Corrosive Bolt
Press: ? - help, Shift-Dir - straight line The bolt of acid hits the hellwing!
The hellwing seems to be corroded for longer.
The hellwing is severely wounded.
The shadow imp hits you.
* * * LOW HITPOINT WARNING * * *
The hellwing hits you.
* * * LOW HITPOINT WARNING * * *
The hellwing barely misses you.
A shadow imp comes into view.
Aiming: Corrosive Bolt
Press: ? - help, Shift-Dir - straight line The bolt of acid hits the hellwing!
The hellwing is almost dead.
The shadow imp shouts, "Run away, thou worthless toad-spotted flim-flammer!"
The shadow imp closely misses you. The hellwing hits you!
You die...

............K# ##
.?...5....#######.
#....)..(.).......
#...)..^########
'.......#
##KK.....#
#KKK.....#
##5KKK...##
#@#KK...##
#4####### ..# ####


You could see a hellwing (corroded), a kobold brigand, 2 shadow imps and 7
kobolds.

Vanquished Creatures
  A two-headed ogre (D:8)
  Menkaure (D:7)
  2 sky beasts
  2 orc warriors
  2 black bears (D:6)
  2 ogres (D:6)
  2 boggarts (D:8)
  3 centaurs
  2 phantoms
  2 bullfrogs
  A gnoll sergeant (D:9)
  10 kobold brigands
  2 scorpions
  2 wights (D:7)
  6 killer bees (D:8)
  2 howler monkeys
  6 hounds
  2 jellies
  9 orc priests
  3 gnoll boudas
  A sleepcap (D:6)
  5 iguanas
  6 orc wizards
  18 adders
  16 gnolls
  6 river rats
  A white imp (D:7)
  6 worms
  3 dart slugs
  24 orcs
  9 ball pythons
  2 bats
  9 endoplasms
  3 giant cockroaches
  3 hobgoblins
  4 jackals (D:2)
  23 kobolds
  6 quokkas
  A frilled lizard (D:1)
  6 goblins
  9 rats
223 creatures vanquished.

Vanquished Creatures (collateral kills)
  2 kobolds (D:9)
2 creatures vanquished.

Vanquished Creatures (others)
  A kobold (D:9)
1 creature vanquished.

Grand Total: 226 creatures vanquished

Notes
Turn   | Place    | Note
-------+----------+-------------------------------------------
     0 | D:1      | freelancePsychic the Gargoyle Brigand began the quest for
                  | the Orb.
     0 | D:1      | Reached XP level 1. HP: 12/12 MP: 1/1
    92 | D:1      | Found Ytseicwoekk's Book Boutique.
   204 | D:1      | Reached skill level 3 in Fighting
   204 | D:1      | Reached XP level 2. HP: 19/19 MP: 2/2
   677 | D:2      | Reached skill level 1 in Ranged Weapons
   680 | D:2      | Reached XP level 3. HP: 14/23 MP: 1/3
   829 | D:2      | Identified the +3 leather armour of Valour {+Inv Int+3}
   958 | D:2      | Reached XP level 4. HP: 28/28 MP: 1/4
  1315 | D:3      | You fall into a shaft and drop 2 floors!
  1315 | D:5      | Entered Level 5 of the Dungeon
  1337 | D:5      | Noticed a scorpion
  1347 | D:5      | Killed a scorpion
  1348 | D:5      | Reached skill level 4 in Fighting
  1348 | D:5      | Reached skill level 1 in Evocations
  1348 | D:5      | Reached XP level 5. HP: 17/33 MP: 1/5
  1588 | D:3      | Reached XP level 6. HP: 13/39 MP: 2/6
  1657 | D:3      | Found a glowing drain.
  1661 | Sewer    | Entered a sewer
  1985 | Sewer    | Reached XP level 7. HP: 36/44 MP: 2/7
  2095 | Sewer    | Reached skill level 5 in Fighting
  2095 | Sewer    | Reached skill level 5 in Ranged Weapons
  2591 | Sewer    | Reached XP level 8. HP: 50/50 MP: 2/8
  3008 | D:3      | Found a faded altar of an unknown god.
  3013 | D:3      | Found a shimmering blue altar of Sif Muna.
  3024 | D:3      | Prayed at the altar of an unknown god.
  3024 | D:3      | Became a worshipper of Lugonu the Unformed
  3024 | D:3      | Reached * piety under Lugonu
  3442 | D:4      | Reached skill level 6 in Fighting
  3668 | D:4      | Reached skill level 1 in Invocations
  3752 | D:4      | Reached ** piety under Lugonu
  3981 | D:4      | Found a hazy altar of Hepliaklqana.
  4880 | D:5      | Found Lateanid's Weapon Shop.
  5066 | D:5      | Found a staircase to the Ecumenical Temple.
  5074 | D:5      | Reached skill level 7 in Fighting
  5135 | D:5      | Reached XP level 9. HP: 51/57 MP: 11/11
  6001 | D:6      | Reached skill level 8 in Fighting
  6001 | D:6      | Reached skill level 5 in Invocations
  6112 | D:6      | Found Nahic's Book Boutique.
  6447 | D:7      | Noticed Menkaure
  6577 | D:7      | Killed Menkaure
  6656 | D:7      | Reached *** piety under Lugonu
  6848 | D:7      | Found a white marble altar of Elyvilon.
  6913 | D:7      | Reached skill level 9 in Fighting
  7101 | D:7      | Found a radiant altar of Vehumet.
  7502 | D:7      | Found an ancient bone altar of Kikubaaqudgha.
  7503 | D:7      | Found a glowing silver altar of Zin.
  7503 | D:7      | Found a bloodstained altar of Trog.
  7503 | D:7      | Found a blossoming altar of Fedhas.
  7556 | D:7      | Identified the ring of Equivalence {Fly rC++ Str+4}
  7702 | D:7      | Found a runed translucent door.
  7704 | D:7      | Noticed Crazy Yiuf
  7940 | D:8      | Reached XP level 10. HP: 40/66 MP: 15/15
  8679 | D:8      | Reached skill level 10 in Fighting
  8895 | D:8      | Found a shadowy altar of Dithmenos.
  8896 | D:8      | Found a hide-covered altar of Uskayaw.
  9014 | D:8      | Noticed a two-headed ogre
  9016 | D:8      | Noticed a two-headed ogre
  9028 | D:8      | Banished a two-headed ogre
  9040 | D:8      | Killed a two-headed ogre
  9521 | D:8      | Reached skill level 11 in Fighting
 10327 | D:9      | Found a staircase to the Lair.
 10410 | D:9      | Slain by a hellwing

Illustrated notes

Levels and vault maps discovered:
D:1:      heliophobic_arrival_battle_scene, layout_loops_cross, serial_shops,
          nicolae_shop_gibbet_a_chance, grunt_decor_clamped,
          minmay_misc_feat_rows, serial_bayou_pond_e
D:2:      layout_rooms, nicolae_wormholes
D:3:      cheibrodos_thug_alley, layout_rooms,
          nicolae_overflow_ecumenical_swirl, lightli_sewer_entry_pipes
D:4:      layout_gridville, nzn_hepliaklqana_mist_gate
D:5:      layout_basic, minmay_temple_entry_proselytizer, serial_shops,
          nicolae_shop_statue_plus
D:6:      layout_loops_corners, serial_shops, shop_fountains,
          kennysheep_decorative_pillar
D:7:      layout_loops_corners, nicolae_elyvilon_peaceful_grove,
          vehumet_crystals, chequers_temple_overflow_statue_of_worship,
          uniq_crazy_yiuf_cottage, uniq_menkaure
D:8:      layout_cave_pods, nicolae_overflow_squiral, minmay_misc_feat_rugged,
          nicolae_phantomly_mirrored
D:9:      cheibrodos_grave_circle, layout_rooms, dpeg_oklobed_lair,
          serial_shops, nicolae_shop_rolling_square

Skill      XL: |  1  2  3  4  5  6  7  8  9 10 |
---------------+-------------------------------+-----
Fighting       | 3 4 5 7 9 11 | 11.2
Ranged Weapons | 1 2 3 4 5 6 |  6.1
Evocations     | 1 2 3 |  3.5
Short Blades   | 3 4 |  4.0
Invocations    | 3 7 9 |  9.4
Throwing       | |  1.7
Dodging        | |  0.7
Stealth        | |  4.3

Action                     |  1- 3 |  4- 6 |  7- 9 | 10-12 || total
---------------------------+-------+-------+-------+-------++-------
  Melee: Dagger            |    25 |       |   490 |   250 ||   765
         Punch             |       |       |    14 |       ||    14
         Sling             |       |       |     1 |       ||     1
   Fire: Sling             |    76 |   180 |   333 |       ||   589
  Throw: Dart              |       |    10 |    18 |    12 ||    40
 Invoke: Banish            |       |       |     1 |     2 ||     3
Ability: Evoke Invisibilit |       |     1 |       |       ||     1
  Evoke: Wand              |       |     6 |     3 |     5 ||    14
         Phantom mirror    |       |       |       |     1 ||     1
    Use: Scroll            |     3 |     4 |     4 |     3 ||    14
         Potion            |       |     2 |     1 |     1 ||     4
   Stab: Sleeping          |     2 |       |     5 |       ||     7
 Armour: Robe              |    32 |       |       |       ||    32
         Leather armour    |     5 |   111 |   507 |   203 ||   826
  Dodge: Dodged            |    51 |   111 |   392 |   159 ||   713

Table legend: (Time is in decaauts)
 A = Elapsed time spent in this place.
 B = Non-inter-level travel time spent in this place.
 C = Inter-level travel time spent in this place.
 D = Time resting spent in this place.
 E = Time spent auto-exploring this place.
 F = Levels seen in this place.
 G = Mean time per level.
                   A        B        C        D        E       F      G
               +--------+--------+--------+--------+--------+-----+--------+
         Total |  10560 |  10270 |    290 |    507 |   7511 |  10 | 1056.0 |
       Dungeon |   9426 |   9136 |    290 |    507 |   6723 |   9 | 1047.3 |
         Sewer |   1134 |   1134 |      0 |      0 |    788 |   1 | 1134.0 |
               +--------+--------+--------+--------+--------+-----+--------+

Top non-repeatable levels by time:
     D:8: 1816 daAuts
     D:7: 1795 daAuts
     D:6: 1248 daAuts
   Sewer: 1134 daAuts
     D:5: 1115 daAuts
     D:4: 990 daAuts
     D:3: 935 daAuts
     D:2: 670 daAuts
     D:1: 670 daAuts
     D:9: 182 daAuts
